Map: Terrasses de Prion

Players

ThePrince - Winner!

  • Race: Terran Terran
  • League: Silver

pupu

  • Race: Protoss Protoss
  • League: Silver

VOD

Have the link to the VOD?

Description

Time

  • Played on: April 10, 2016, 8:33 a.m.
  • Length: 3:40
Show
View Real Time Build Order
Export as new Build Order

ThePrince Terran - Winner!

Build Orders:  

Get SALT Encoding   

  12  0:09  Supply Depot  
  12  0:16  Refinery  
  12  0:55  Barracks  
  12  0:59  Barracks  
  12  1:01  SCV  
  13  1:13  SCV  
  14  1:26  SCV  
  15  1:44  Reaper, Orbital Command  
  16  1:47  Reaper  
  17  2:05  Supply Depot  
  17  2:11  SCV  
  18  2:16  Reaper  
  18  2:19  Reaper  
  20  2:48  Reaper  
  21  2:51  Reaper  
  21  2:52  Command Center  
  21  3:12  SCV  
  21  3:24  SCV  
Show
View Real Time Build Order
Export as new Build Order

pupu Protoss 

Build Orders:  

Get SALT Encoding   

  12  0:01  Probe (Chrono Boost)  
  13  0:11  Probe (Chrono Boost)  
  14  0:18  Pylon  
  14  0:22  Probe (Chrono Boost)  
  15  0:37  Probe (Chrono Boost)  
  15  0:38  Gateway  
  16  0:45  Assimilator  
  16  0:47  Probe (Chrono Boost)  
  17  0:53  Assimilator  
  17  0:58  Probe (Chrono Boost)  
  18  1:08  Probe (Chrono Boost)  
  19  1:19  Probe (Chrono Boost)  
  19  1:22  Pylon  
  19  1:25  Cybernetics Core  
  20  1:30  Probe (Chrono Boost)  
  21  1:41  Probe (Chrono Boost)  
  22  1:51  Probe (Chrono Boost)  
  23  2:05  Stargate  
  23  2:14  Nexus  
  23  2:18  Probe (Chrono Boost)  
  24  2:30  Mothership Core (Chrono Boost)  
  21  2:49  Probe (Chrono Boost)  
  12  3:00  Probe (Chrono Boost)  
  13  3:10  Probe (Chrono Boost)  
  12  3:21  Probe (Chrono Boost)  
Tags
 
Add a new tag
Caveats
  • Supply blocks, unpowered buildings, or Contaminate may cause inaccurate times.
  • Supply counts are checked every 10 seconds.